 Dungeon Crawl Stone Soup version 0.24.1 (webtiles) character file.

Game seed: 5564694932307741957, levelgen mode: deterministic

598 thungor the Slasher (level 7, -1/61 HPs)
             Began as a Minotaur Fighter on Mar 25, 2020.
             Slain by Edmund
             ... wielding a +2 flail of protection
              (2 damage)
             ... on level 4 of the Dungeon.
             The game lasted 00:35:35 (4031 turns).

thungor the Slasher (Minotaur Fighter)              Turns: 4031, Time: 00:35:37

Health: -1/61      AC: 11    Str: 14 (17) XL:     7   Next: 17%
Magic:  6/6        EV:  4    Int:  3 (5)  God:
Gold:   185        SH:  8    Dex:  8 (11) Spells: 6/6 levels left

rFire    . . .     SeeInvis .   a - +1 long sword
rCold    . . .     Gourm    .   c - +0 shield
rNeg     + . .     Faith    .   x - +2 chain mail {rN+}
rPois    .         Spirit   .   (helmet restricted)
rElec    .         Reflect  .   (no cloak)
rCorr    .         Harm     .   (no gloves)
MR       .....                  (no boots)
Stlth    ..........             (no amulet)
HPRegen  0.20/turn              h - -4 ring of strength (curse)
MPRegen  0.10/turn              (no ring)

@: drained
A: retaliatory headbutt, horns 2
a: no special abilities


You were on level 4 of the Dungeon.
You were not hungry.

You visited 1 branch of the dungeon, and saw 4 of its levels.

You collected 185 gold pieces.

Inventory:

Hand Weapons
 a - a +1 long sword (weapon)
 l - a +0 whip of electrocution
 n - a +0 club
 p - a +0 club
 s - a +0 dagger
 t - a +0 club
 u - a +0 short sword
 v - a +0 dagger
 w - a +0 mace
Missiles
 e - 7 atropa-tipped darts (quivered)
 g - 13 sling bullets
 k - 22 poisoned darts
Armour
 b - a +1 scale mail
 c - a +0 shield (worn)
 x - a +2 chain mail of positive energy (worn)
Jewellery
 h - a cursed -4 ring of strength (left hand)
 r - an uncursed ring of wizardry
Scrolls
 i - a scroll of immolation
 j - 2 scrolls of teleportation
 y - a scroll of enchant armour
Potions
 d - a potion of might
 m - 2 potions of degeneration
 o - a potion of heal wounds {unknown}
 q - a potion of mutation {unknown}
 z - a potion of berserk rage {unknown}
Comestibles
 f - 4 rations


   Skills:
 + Level 5.0(4.1) Fighting
 * Level 7.0(6.0) Long Blades
 + Level 5.2(4.3) Armour
 + Level 0.8(0.0) Dodging
 + Level 0.2(0.0) Stealth
 + Level 4.9(4.0) Shields


You had 6 spell levels left.
You didn't know any spells.
Your spell library was empty.

Dungeon Overview and Level Annotations

Branches:
Dungeon (4/15)             Temple (0/1) D:4

Altars:

Annotations:
D:4 Edmund, Eustachio


Innate Abilities, Weirdness & Mutations

You reflexively headbutt those who attack you in melee.
You have a pair of horns on your head.


Message History

The white imp disappears in a puff of smoke!
The river rat bites you but does no damage. x2
You block Edmund's attack.
You hit the rat but do no damage. You block the rat's attack.
Eustachio gestures wildly while chanting.
Eustachio blinks!
You block the river rat's attack.
The river rat bites you but does no damage.
The rat bites you but does no damage.
Edmund hits you with a +2 flail of protection.
* * * LOW HITPOINT WARNING * * *
Eustachio screams, "At last I'll have my revenge!"
Eustachio gestures wildly while chanting.
You hit Edmund.
Edmund is lightly wounded.
The river rat bites you but does no damage.
The river rat barely misses you. You block the rat's attack.
The rat twitches its whiskers.
Eustachio mumbles some strange words.
Edmund hits you with a +2 flail of protection.
You die...

############ ......
#.....5.@..# #.......
#...r@r..5.####.......
#....@rr..5..# .......
##########.#..........
##.#####!.....
#.5...........
#.@.rr....##..
#.....r...##..
#....####r##..
##.#######ยง##.#
......>....#...


You could see Edmund, Eustachio, an iron imp, a quasit, 2 river rats, an
ufetubus and 2 rats.

Vanquished Creatures
  A hippogriff (D:3)
  A water moccasin skeleton (D:4)
  A howler monkey (D:3)
  An orc priest (D:4)
  An orc wizard (D:4)
  Jessica (D:2)
  Terence (D:3)
  2 worker ants
  2 hound skeletons
  3 adders
  3 gnolls (D:2)
  A shadow imp (D:3)
  2 oozes
  A worm (D:2)
  A dart slug (D:3)
  A leopard gecko (D:3)
  4 orcs
  6 bats
  2 giant cockroaches
  14 goblins
  11 hobgoblins
  7 jackals
  7 kobolds
  A ball python (D:3)
  3 frilled lizards
  7 rats
85 creatures vanquished.

Notes
Turn   | Place    | Note
-------+----------+-------------------------------------------
     0 | D:1      | thungor the Minotaur Fighter began the quest for the Orb.
     0 | D:1      | Reached XP level 1. HP: 19/19 MP: 0/0
   982 | D:1      | Reached XP level 2. HP: 27/27 MP: 1/1
  1753 | D:1      | Reached XP level 3. HP: 33/33 MP: 2/2
  1832 | D:2      | Reached skill level 3 in Long Blades
  1840 | D:3      | Noticed Terence
  1885 | D:3      | Killed Terence
  1885 | D:3      | Reached skill level 4 in Long Blades
  1885 | D:3      | Reached XP level 4. HP: 28/40 MP: 3/3
  2765 | D:3      | Reached skill level 5 in Long Blades
  2765 | D:3      | Reached XP level 5. HP: 47/47 MP: 4/4
  2918 | D:3      | Noticed a hippogriff
  2932 | D:3      | Killed a hippogriff
  2932 | D:3      | Reached skill level 6 in Long Blades
  2932 | D:3      | Reached XP level 6. HP: 20/53 MP: 5/5
  3272 | D:2      | Noticed Jessica
  3278 | D:2      | Killed Jessica
  3278 | D:2      | Reached skill level 5 in Armour
  3747 | D:4      | Reached skill level 5 in Fighting
  3760 | D:4      | Reached XP level 7. HP: 33/61 MP: 6/6
  3923 | D:4      | Found a staircase to the Ecumenical Temple.
  3945 | D:4      | Noticed Eustachio
  3963 | D:4      | Reached skill level 7 in Long Blades
  3975 | D:4      | Noticed Edmund
  4028 | D:4      | HP: 3/61 [Edmund/+2 flail of protection (2)]
  4030 | D:4      | HP: 1/61 [Edmund/+2 flail of protection (3)]
  4031 | D:4      | Slain by Edmund

Levels and vault maps discovered:
D:1:      grunt_arrival_lava_bath, layout_loops_corners, moated_statue,
          minmay_misc_feat_more_columns
D:2:      layout_rooms, first_ration, uniq_jessica
D:3:      layout_basic, uniq_terence
D:4:      layout_rooms, minmay_temple_entry_large_hall,
          nicolae_qazlal_style_of_elements, uniq_edmund, uniq_eustachio,
          uniq_crazy_yiuf_cottage

Skill      XL: |  1  2  3  4  5  6  7 |
---------------+----------------------+-----
Shields        | 4 |  4.9
Fighting       | 4 5 |  5.0
Armour         | 4 5 |  5.2
Long Blades    | 4 5 6 7 |  7.0
Dodging        | |  0.8
Stealth        | |  0.2

Action                   |  1- 3 |  4- 6 |  7- 9 || total
-------------------------+-------+-------+-------++-------
Melee: Long sword        |    69 |   135 |    78 ||   282
       Headbutt          |    10 |    24 |     7 ||    41
  Use: Scroll            |     3 |     6 |       ||     9
       Potion            |       |     1 |     1 ||     2
  Eat: Ration            |     1 |     2 |     1 ||     4
Armor: Scale mail        |    25 |       |       ||    25
       Chain mail        |       |    81 |    66 ||   147
Dodge: Dodged            |    26 |    40 |    26 ||    92
Block: Shield            |    25 |    81 |    62 ||   168
       Rpst.: Long sword |     7 |    15 |     4 ||    26
